 Dungeon Crawl Stone Soup version 0.21.1-1-g345015f (webtiles) character file.

44 inc the Scratcher (level 3, 15/15 HPs)
             Began as a Felid Transmuter on Feb 25, 2018.
             Quit the game on level 3 of the Dungeon.
             The game lasted 00:02:31 (1198 turns).

inc the Scratcher (Felid Transmuter)                Turns: 1198, Time: 00:02:32

Health: 15/15      AC:  1    Str:  6    XL:     3   Next: 41%
Magic:  7/7        EV: 18    Int: 15    God:
Gold:   77         SH:  0    Dex: 16    Spells: 3/6 levels left
                                        Lives:  0   Deaths: 1

rFire    . . .     SeeInvis +     - Unarmed
rCold    . . .     Gourm    .   (shield unavailable)
rNeg     . . .     Faith    .   (armour unavailable)
rPois    .         Spirit   .   (helmet unavailable)
rElec    .         Reflect  .   (cloak unavailable)
rCorr    .         Harm     .   (gloves unavailable)
MR       .....                  (boots unavailable)
Stlth    ++........             (no amulet)
HPRegen  0.05/turn              (no ring)
MPRegen  0.10/turn              (no ring)

@: quick
A: very small, no armour, no weapons or thrown items, stealth, claws 1, fangs 3,
see invisible, carnivore, speed 1, shaggy fur 1, slow metabolism 1, sharp paws
a: no special abilities


You were on level 3 of the Dungeon.
You were not hungry.

You visited 1 branch of the dungeon, and saw 3 of its levels.

You collected 77 gold pieces.

Inventory:

Missiles
 a - 10 arrows
Wands
 i - a wand of polymorph (9)
Scrolls
 d - 2 scrolls of enchant armour {unknown}
 e - a scroll of magic mapping {unknown}
 f - a scroll of random uselessness {unknown}
 h - a scroll of immolation {unknown}
Potions
 g - 2 potions of magic {unknown}
 j - a potion of heal wounds {unknown}
 k - a potion of lignification {unknown}
Books
 b - a book of Changes

   Spells                             Type                      Level
   a - Beastly Appendage              Transmutation                1
   b - Sticks to Snakes               Transmutation                2
   c - Spider Form                    Transmutation/Poison         3
   d - Ice Form                       Ice/Transmutation            4
   e - Blade Hands                    Transmutation                5
Comestibles
 c - 4 rations


   Skills:
 - Level 1.0 Fighting
 - Level 2.6 Dodging
 - Level 5.2 Unarmed Combat
 - Level 2.0 Spellcasting
 + Level 2.4 Transmutations


You had 3 spell levels left.
You knew the following spells:

 Your Spells              Type           Power        Failure   Level  Hunger
a - Beastly Appendage     Tmut           #.....       9%          1    #......
b - Sticks to Snakes      Tmut           #.......     12%         2    ###....


Dungeon Overview and Level Annotations

Branches:
Dungeon (3/15)

Altars:


Innate Abilities, Weirdness & Mutations

You cannot wear armour.
You are incapable of wielding weapons or throwing items.
Your paws allow you to move quietly. (Stealth)
You have sharp claws.
You have razor-sharp teeth.
You have supernaturally acute eyesight. (SInv)
You are carnivorous and can eat meat at any time.
You cover ground quickly.
You are covered in fur. (AC +1)
You have a slow metabolism.
Your sharp claws are effective at attacking unaware monsters.


Message History

Aim: a worm (chance to defeat MR: 54%)
The worm resists with significant effort.
Evoke which item? (* to show all) (? for menu, Esc to quit)
Aiming: Polymorph
Press: ? - help, Shift-Dir - straight line, f/p - worm
Aim: a worm (chance to defeat MR: 54%)
The worm resists with significant effort.
Evoke which item? (* to show all) (? for menu, Esc to quit)
Aiming: Polymorph
Press: ? - help, Shift-Dir - straight line, f/p - worm
Aim: a worm (chance to defeat MR: 54%)
The worm evaporates and reforms as a spiny frog!
The spiny frog stings you!!
Ouch! That really hurt!
You die...
You are now level 3!
You rejoin the land of the living...
Unknown command.
Unknown command.
Are you sure you want to abandon this character and quit the game? (Confirm with "yes".)

.........'...[# .........#....#
...#######....# #### ######
############# #...........#
#.#########.#################
####.#..........@.............<#
...#.#.#######.#################
...#'#.........#
............#### .รท..........#
............# ...#'########
...#.# ...#.#


There were no monsters in sight!

Vanquished Creatures
  A bullfrog (D:2)
  A worker ant (D:2)
  A dart slug (D:1)
  A bat (D:3)
  2 giant cockroaches
  2 hobgoblins
  3 kobolds
  2 frilled lizards (D:2)
  4 goblins
  2 rats (D:1)
19 creatures vanquished.

Notes
Turn   | Place    | Note
-------+----------+-------------------------------------------
     0 | D:1      | inc the Felid Transmuter began the quest for the Orb.
     0 | D:1      | Reached XP level 1. HP: 9/9 MP: 4/4
   358 | D:2      | Reached XP level 2. HP: 12/12 MP: 6/6
   382 | D:2      | Learned a level 2 spell: Sticks to Snakes
   385 | D:2      | Noticed a bullfrog
   393 | D:2      | Killed a bullfrog
   393 | D:2      | Reached skill level 4 in Unarmed Combat
   393 | D:2      | Reached XP level 3. HP: 15/15 MP: 3/7
   527 | D:2      | Reached skill level 5 in Unarmed Combat
   527 | D:2      | Reached XP level 4. HP: 7/19 MP: 4/8
  1197 | D:3      | Noticed a spiny frog
  1197 | D:3      | a worm changed into a spiny frog
  1197 | D:3      | Slain by a spiny frog
  1198 | D:3      | Reached XP level 3. HP: -3/15 MP: 7/7
  1198 | D:3      | Quit the game

Skill      XL: |  1  2  3 |
---------------+----------+-----
Unarmed Combat | 4 5 |  5.2
Fighting       | |  1.0
Dodging        | |  2.6
Spellcasting   | |  2.0
Transmutations | |  2.4

Action                   |  1- 3 |  4- 6 || total
-------------------------+-------+-------++-------
Melee: Unarmed           |    41 |     9 ||    50
       Bite              |     3 |       ||     3
       Headbutt          |     2 |       ||     2
 Cast: Beastly Appendage |     4 |     3 ||     7
       Sticks to Snakes  |     2 |       ||     2
Evoke: Wand              |       |     6 ||     6
 Stab: Sleeping          |       |     1 ||     1
  Eat: Chunk             |     4 |     1 ||     5
Armor: Skin              |     1 |       ||     1
Dodge: Dodged            |    34 |     7 ||    41
